 Dungeon Crawl Stone Soup version 0.30.1-3-gfc49f6343a (webtiles) character file.

Game seed: 8432488851384130395

54 Almogavar the Slasher (level 3, -3/27 HPs)
             Began as a Demonspawn Gladiator on July 19, 2023.
             Slain by a kobold
             ... wielding a +2 short sword of venom
              (4 damage)
             ... on level 2 of the Dungeon.
             The game lasted 00:03:20 (1028 turns).

Almogavar the Slasher (Demonspawn Gladiator)        Turns: 1028, Time: 00:03:21

Health: -3/27      AC:  6    Str: 14    XL:     3   Next: 66%
Magic:  3/3        EV: 12    Int:  9    God:
Gold:   55         SH:  0    Dex: 16    Spells: 2/2 levels left

rFire   . . .        a - +0 long sword
rCold   . . .        (no shield)
rNeg    . . .        b - +0 leather armour
rPois   .            c - +0 helmet
rElec   .            (no cloak)
rCorr   .            (no gloves)
SInv    .            (no boots)
Will    .....        (no amulet)
Stlth   +            (no ring)
HPRegen 0.24/turn    (no ring)
MPRegen 0.16/turn

%: no passive effects
@: lethally poisoned (-3 -> -19)
A: molten scales 1, magic regeneration
a: no special abilities


You were on level 2 of the Dungeon.
You visited 1 branch of the dungeon, and saw 2 of its levels.

You collected 55 gold pieces.

Inventory:

Hand Weapons
 a - a +0 long sword (weapon)
Missiles
 d - 3 throwing nets (quivered)
 e - a javelin
Armour
 b - a +0 leather armour (worn)
 c - a +0 helmet (worn)
Jewellery
 k - a ring of see invisible
Scrolls
 i - a scroll of vulnerability {unknown}
 j - a scroll of enchant weapon {unknown}
 m - 2 scrolls of fog {unknown}
 o - a scroll of teleportation {unknown}
Potions
 f - 2 potions of berserk rage {unknown}
 g - a potion of curing {unknown}
 h - a potion of mutation {unknown}
 l - 2 potions of brilliance {unknown}
 n - a potion of flight {unknown}


   Skills:
 + Level 2.2 Fighting
 + Level 3.5 Long Blades
 + Level 1.8 Throwing
 + Level 0.2 Armour
 + Level 3.2 Dodging
 + Level 0.3 Stealth


You had 2 spell levels left.
You didn't know any spells.
Your spell library contained the following spells:

 Spells                   Type           Power      Damage    Failure   Level
 Beastly Appendage        Tmut           0%         N/A       45%         1
 Lesser Beckoning         Tloc           0%         N/A       61%         2
 Wereblood                Tmut           0%         N/A       61%         2
 Dazzling Flash           Conj/Hex       0%         N/A       83%         3
 Gell's Gravitas          Tloc           0%         N/A       83%         3
 Spider Form              Tmut/Pois      0%         N/A       83%         3
 Teleport Other           Tloc           0%         N/A       83%         3
 Volatile Blastmotes      Fire/Tloc      0%         2d10      83%         3
 Iskenderun's Mystic Bla  Conj/Tloc      0%         2d3       99%         4
 Starburst                Conj/Fire      0%         6d3       100%        6


Dungeon Overview and Level Annotations

Branches:
Dungeon (2/15)

Altars:
Fedhas


Innate Abilities, Weirdness & Mutations

You are partially covered in molten scales. (AC +2)
You regenerate magic rapidly.


Message History

You hit the endoplasm.
You kill the endoplasm!
o - a scroll labelled YGHEXYFRUR A kobold comes into view.
It is wielding a +2 short sword of venom.
The kobold shouts!
A ball python comes into view.
The ball python hisses angrily.
The kobold throws a stone.
The stone barely misses you. The kobold closely misses you.
You completely miss the kobold. The kobold misses you.
You closely miss the kobold.
The kobold hits you with a +2 short sword of venom.
You are poisoned.
An adder comes into view.
The adder hisses angrily.
You slash the ball python!
You kill the ball python!
You feel very sick. The kobold closely misses you.
You barely miss the kobold.
You feel sick. The kobold hits you but does no damage.
You are more poisoned.
The adder bites you.
You miss the adder.
You feel very sick.
The kobold hits you with a +2 short sword of venom.
The adder bites you but does no damage.
The kobold hits you with a +2 short sword of venom.
You are more poisoned.
You are too injured to fight recklessly!
You are too injured to fight recklessly!
You are too injured to fight recklessly!
You closely miss the adder.
* * * LOW HITPOINT WARNING * * *
You feel very sick. The adder bites you.
* * * LOW HITPOINT WARNING * * *
The adder bites you but does no damage.
The kobold hits you with a +2 short sword of venom.
You die...

#.##
..####....#
#.# . #....#
#.# ..#
#....# #.#
..#
#....#######
#.##...#
#...........
...#...#
#####........
........
#............
........
#.....#######
...#.#..
+....@#
...>.#
#...SK#
.#####
#.....#
.#####.#
#......
<......#
..###...
######## ...
#.... ..
#.... #.....


You could see an adder and a kobold.

Vanquished Creatures
  An adder (D:2)
  6 endoplasms
  3 giant cockroaches (D:1)
  4 goblins (D:1)
  3 hobgoblins (D:1)
  4 jackals (D:1)
  A quokka (D:1)
  6 ball pythons
  7 bats
  3 frilled lizards (D:1)
  A kobold (D:1)
  A rat (D:2)
40 creatures vanquished.

Notes
Turn   | Place    | Note
-------+----------+-------------------------------------------
     0 | D:1      | Almogavar the Demonspawn Gladiator began the quest for the
                  | Orb.
     0 | D:1      | Reached XP level 1. HP: 16/16 MP: 1/1
     2 | D:1      | Noticed a troll
     2 | D:1      | Noticed an octopode
     4 | D:1      | Noticed a tengu
     4 | D:1      | Noticed a draconian
     6 | D:1      | Noticed a vine stalker
     8 | D:1      | Noticed a meteoran
     8 | D:1      | Noticed an elf
    10 | D:1      | Noticed an ogre
    10 | D:1      | Noticed a gargoyle
    12 | D:1      | Noticed a demigod
    12 | D:1      | Noticed a ghoul
    14 | D:1      | Noticed a human
    14 | D:1      | Noticed a demonspawn
    16 | D:1      | Noticed a minotaur
    18 | D:1      | Noticed a formicid
    18 | D:1      | Noticed a naga
    20 | D:1      | Noticed an armataur
    20 | D:1      | Noticed a vampire
    22 | D:1      | Noticed a merfolk
    24 | D:1      | Noticed a felid
    24 | D:1      | Noticed a vampire
    26 | D:1      | Noticed an elf
   109 | D:1      | Gained mutation: You are partially covered in molten
                  | scales. (AC +2) [demonic ancestry]
   109 | D:1      | Reached XP level 2. HP: 16/22 MP: 2/2
   625 | D:1      | Gained mutation: You regenerate magic rapidly. [demonic
                  | ancestry]
   625 | D:1      | Reached XP level 3. HP: 24/27 MP: 3/3
   964 | D:2      | Found a blossoming altar of Fedhas.
  1028 | D:2      | HP: 1/27 [adder (3)]
  1028 | D:2      | Slain by a kobold

Illustrated notes

Levels and vault maps discovered:
D:1:      kb_arrival_jail, layout_basic, st_stairs_3
D:2:      layout_basic, basic_altar, chequers_serial_rivers_micro_c

Skill      XL: |  1  2 |
---------------+-------+-----
Long Blades    | 3 |  3.5
Dodging        | 3 |  3.2
Fighting       | |  2.2
Throwing       | |  1.8
Armour         | |  0.2
Stealth        | |  0.3

Action                     || total
---------------------------++-------
  Melee: Long sword        ||   109
         Punch             ||     1
   Stab: Sleeping          ||     2
 Armour: Leather armour    ||    74
  Dodge: Dodged            ||   123
